 Dungeon Sprint DCSS version 0.24-a0-228-g05560da471 (webtiles) character file.

Game seed: 752128439614036046

328642 Findor the Conqueror (level 20, -10/137 HPs)
             Began as a Vine Stalker Fighter on Apr 1, 2019.
             Was the Champion of Okawaru.
             Killed from afar by an orb of fire (14 damage)
             ... with a bolt of fire
             ... in the Dungeon (Sprint IX: "|||||||||||||||||||||||||||||").
             The game lasted 00:39:22 (7918 turns).

Findor the Conqueror (Vine Stalker Fighter)         Turns: 7918, Time: 00:39:23

Health: -10/137    AC: 35    Str: 26    XL:     20   Next: 24%
Magic:  0/28       EV: 29    Int:  6    God:    Okawaru [******]
Gold:   429        SH: 30    Dex: 17    Spells: 19/19 levels left

rFire    + + +     SeeInvis +   a - +9 rapier (venom)
rCold    + + .     Gourm    .   t - +3 large shield {rPois}
rNeg     . . .     Faith    .   Q - +0 gold dragon scales
rPois    +         Spirit   +   B - +2 helmet {SInv}
rElec    +         Reflect  .   C - +2 cloak {MR+}
rCorr    +         Harm     .   r - +0 pair of gloves
MR       +++..     NoTele   +   S - +0 pair of boots of Hopscotch {+Inv Regen+}
Stlth    ++++......             K - amulet "Ypi Ucha" {+Rage rElec rF+ Str+3}
HPRegen  1.52/turn              E - +4 ring of evasion
MPRegen  0.21/turn              c - ring of the Ban {EV+3 Stlth+}

@: resistant, heroism, finesse, corroded
A: fangs 3, clumsy 1, dopey 1, regeneration 2, magic shield, antimagic bite, no
potion heal 3, rot immunity
}: 5/17 runes: decaying, serpentine, barnacled, silver, gossamer
a: Heroism, Finesse, Renounce Religion, Evoke Berserk Rage, Evoke Invisibility


You were in the Dungeon.
You worshipped Okawaru.
Okawaru was exalted by your worship.
You were hungry.

You visited 1 branch You collected 1974 gold pieces.
You spent 1545 gold pieces at shops.


Innate Abilities, Weirdness & Mutations

You have razor-sharp teeth.
You heal very quickly.
When hurt, damage is shared between your health and your magic reserves.
Your bite disrupts and absorbs the magic of your enemies.
Potions cannot restore your health.
You are immune to rotting.
You are clumsy. (Dex -2)
You are dopey. (Int -2)


   Skills:
 O Level 27 Fighting
 + Level 18.1(23.1) Short Blades
 + Level 24.6(27) Armour
 + Level 24.5(27) Dodging
 O Level 27 Stealth
 + Level 26.4(27) Shields
 - Level 10.0 Invocations
 - Level 10.0 Evocations


You had 19 spell levels left.
You didn't know any spells.
Your spell library contained the following spells:

 Spells                   Type           Power        Failure   Level  Hunger
 Irradiate                Conj/Tmut      #.........   100%        5    ######.
 Hydra Form               Tmut           #.........   100%        6    #######
 Statue Form              Tmut/Erth      #........    100%        6    #######
 Dragon Form              Tmut           #.........   100%        7    #######

Inventory:

Hand Weapons
 a - a +9 rapier of venom (weapon)
   (You found it in the Dungeon)
 s - a +2 rapier of draining
   (Okawaru gifted it to you in the Dungeon)
 u - a +9 quick blade
   (Okawaru gifted it to you in the Dungeon)
Armour
 r - a +0 pair of gloves (worn)
   (You found it in the Dungeon)
 t - a +3 large shield of poison resistance (worn)
   (You found it in the Dungeon)
 y - the +1 cloak of Starlight {rElec rC+ EV+4 Stlth--}
   (You found it in the Dungeon)

   It affects your evasion (+4).
   It protects you from cold.
   It insulates you from electricity.
   It makes you much less stealthy.
 B - a +2 helmet of see invisible (worn)
   (Okawaru gifted it to you in the Dungeon)
 C - a +2 cloak of magic resistance (worn)
   (You found it in the Dungeon)
 J - the +0 plate armour "Fiwon" {+Blink rN+ Int+3 Dex-4, unknown}
   (Okawaru gifted it to you in the Dungeon)

   It affects your intelligence (+3).
   It affects your dexterity (-4).
   It protects you from negative energy.
   It lets you blink.
 Q - +0 gold dragon scales (worn)
   (You found it in the Dungeon)
 S - the +0 pair of boots of Hopscotch (worn) {+Inv Regen+}
   (Okawaru gifted it to you in the Dungeon)

   It lets you turn invisible.
   It increases your rate of regeneration.
Jewellery
 c - the ring of the Ban (right hand) {EV+3 Stlth+}
   (You found it in the Dungeon)

   [ring of evasion]

   It affects your evasion (+3).
   It makes you more stealthy.
 q - an uncursed ring of protection from cold
   (You found it in the Dungeon)
 A - the ring of Tilisaowk {rElec rPois Dex+4}
   (You found it in the Dungeon)

   [ring of poison resistance]

   It affects your dexterity (+4).
   It insulates you from electricity.
   It protects you from poison.
 E - a +4 ring of evasion (left hand)
   (You found it in the Dungeon)
 G - an uncursed ring of protection from fire
   (You found it in the Dungeon)
 H - the ring "Qimukhoxt" {MP+9 Dex+3}
   (You found it in the Dungeon)

   [ring of magical power]

   It affects your dexterity (+3).
   It affects your magic capacity (+9).
 K - the amulet "Ypi Ucha" (around neck) {+Rage rElec rF+ Str+3}
   (You found it in the Dungeon)

   [amulet of rage]

   It affects your strength (+3).
   It protects you from fire.
   It insulates you from electricity.
   It lets you go berserk.
Wands
 d - a wand of iceblast (7)
   (You found it in the Dungeon)
Scrolls
 k - 4 scrolls of blinking
 m - 7 scrolls of remove curse {@r2}
 n - 2 scrolls of amnesia
 v - 7 scrolls of fog
 w - 5 scrolls of fear
Potions
 b - 4 potions of brilliance
 e - 7 potions of curing {@q1}
 g - 18 potions of heal wounds {@q2}
 h - 7 potions of haste {@q3}
 i - 2 potions of magic
 j - a potion of invisibility
 l - a potion of resistance
 o - 3 potions of might
 p - a potion of berserk rage
 x - a potion of mutation {!q}
 z - a potion of flight {unknown}
 D - a potion of ambrosia {unknown}
 I - a potion of agility
Miscellaneous
 N - a lightning rod (4/4) {!a}
   (You found it in the Dungeon)
 O - a fan of gales
   (You found it in the Dungeon)
 R - a fan of gales
   (You found it in the Dungeon)
Comestibles
 f - 10 rations


Message History

Your base Short Blades skill increases to level 18!
The storm dragon breathes lightning at you.
The bolt of lightning misses the orb of fire. x2
The bolt of lightning misses you.
You hear a deafening roar!
A yellow draconian comes into view. It is wielding a +0 dire flail.
The orb of fire glows yellow.
The fireball explodes!
The fireball engulfs you!! You resist.
* * * LOW HITPOINT WARNING * * *
The fireball engulfs the orb of fire.
The orb of fire completely resists.
The orb of fire glows bright magenta.
The fireball explodes!
The fireball engulfs the orb of fire.
The orb of fire completely resists.
The fireball engulfs the orb of fire.
The orb of fire completely resists.
The fireball engulfs you! You resist.
* * * LOW HITPOINT WARNING * * *
Unknown command.
Unknown command.
You hit the orb of fire but do no damage.
You bite the orb of fire, but do no damage.
The green draconian stormcaller mumbles some strange prayers to Qazlal.
The orb of fire glows deep purple.
The bolt of fire hits the orb of fire.
The orb of fire completely resists.
The bolt of fire misses you.
You puncture the orb of fire! Your bite misses the orb of fire.
You hit the orb of fire. You bite the orb of fire.
The orb of fire's magic leaks into the air.
You drain its magic.
You feel invigorated.
The orb of fire glows bright magenta.
The fireball explodes!
The fireball engulfs you! You resist.
* * * LOW HITPOINT WARNING * * *
The fireball engulfs the orb of fire.
The orb of fire completely resists.
You hit the orb of fire. Your bite misses the orb of fire.
Magic courses through your body.
You feel protected.
The orb of fire glows red.
The bolt of fire hits you! You resist.
* * * LOW HITPOINT WARNING * * *
The green draconian stormcaller invokes the aid of Qazlal against you.
The cutting wind hits you!!
* * * LOW HITPOINT WARNING * * *
The cutting wind hits the orb of fire!!!
The orb of fire gets badly buffeted.
The storm dragon breathes lightning at you.
The bolt of lightning hits the orb of fire.
The orb of fire completely resists.
The bolt of lightning hits the orb of fire.
The orb of fire completely resists.
The bolt of lightning misses you.
The orb of fire glows deep purple.
The bolt of fire hits you!! You resist.
You die...

▓▓▓▓▓▓▓▓▓▓▓▓▓▓▓▓▓▓▓▓▓▓▓▓
dXqqD**@§'.'.'.'.......)
▓▓▓▓▓▓▓▓▓▓▓▓▓▓▓▓▓▓▓▓▓▓▓▓▓▓▓▓▓▓▓▓▓
.................................
▓▓▓▓▓▓▓▓▓▓▓▓▓▓▓▓▓▓▓▓▓▓▓▓▓▓▓▓▓▓▓▓▓
'...))))).'........'.)[.)[)'.....
▓▓▓▓▓▓▓▓▓▓▓▓▓▓▓▓▓▓▓▓▓▓▓▓▓▓▓▓▓▓▓▓▓
...............[.)...............
▓▓▓▓▓▓▓▓▓▓▓▓▓▓▓▓▓▓▓▓▓▓▓▓▓▓▓▓▓▓▓▓▓
.................[[.[[[[...))))))


You could see 2 orbs of fire, a yellow draconian monk, a storm dragon, a yellow
draconian, a green draconian stormcaller and an Orb Guardian.

Vanquished Creatures
  2 orbs of fire (D)
  Mennas (D)
  Mara (D)
  2 ancient liches (D)
  Boris (D)
  A curse toe (D)
  Saint Roka (D)
  Margery (D)
  Jory (D)
  2 golden dragons (D)
  A bone dragon (D)
  An electric golem (D)
  4 tentacled monstrosities (D)
  2 liches (D)
  A titan (D)
  15 Orb Guardians (D)
  2 quicksilver dragons (D)
  2 death cobs (D)
  2 sphinxes (D)
  Gastronok (D)
  7 shadow dragons (D)
  A thorn hunter (D)
  3 draconian monks (D)
  5 storm dragons (D)
  3 fire giants (D)
  7 nagarajas (D)
  Ilsuiw (D)
  3 ghost moths (D)
  3 frost giants (D)
  A draconian knight (D)
  3 draconian scorchers (D)
  3 draconian shifters (D)
  2 draconian stormcallers (D)
  3 emperor scorpions (D)
  Aizul (D)
  Louise (D)
  2 vault wardens (D)
  6 stone giants (D)
  3 entropy weavers (D)
  2 ironheart preservers (D)
  3 green draconians (D)
  Azrael (D)
  2 red draconians (D)
  A black draconian (D)
  A yellow draconian (D)
  2 purple draconians (D)
  4 merfolk javelineers (D)
  3 ettins (D)
  7 merfolk impalers (D)
  Snorg (D)
  4 fire dragons (D)
  4 yaktaur captains (D)
  A great orb of eyes (D)
  5 ice dragons (D)
  A rakshasa (D)
  6 hydras (D)
  Erolcha (D)
  A merfolk avatar (D)
  4 naga warriors (D)
  Erica (D)
  25 vault guards (D)
  A catoblepas (shapeshifter) (D)
  A ghost crab (D)
  An ogre mage (D)
  A merfolk aquamancer (D)
  2 alligators (D)
  A satyr (D)
  A tengu warrior (D)
  A deep troll earth mage (D)
  2 shock serpents (D)
  A vampire mage (D)
  4 hell knights (D)
  A salamander mystic (D)
  Nergalle (D)
  A shadow wraith (D)
  6 swamp dragons (D)
  A glowing orange brain (D)
  A flayed ghost (D)
  A wizard (D)
  15 orc knights (D)
  An ironbrand convoker (D)
  3 necromancers (D)
  A harpy (shapeshifter) (D)
  A harpy (D)
  A phantasmal warrior (D)
  3 ugly things (D)
  5 wolf spiders (D)
  2 cyclopes (D)
  3 manticores (D)
  2 orb spiders (D)
  A manticore (shapeshifter) (D)
  An elephant (D)
  2 merfolk sirens (D)
  8 moths of wrath (D)
  2 vault sentinels (D)
  2 naga magi (D)
  2 black mambas (D)
  4 spiny frogs (D)
  Psyche (D)
  3 demonic crawlers (D)
  A komodo dragon (D)
  4 yaktaurs (D)
  2 freezing wraiths (D)
  2 tengu conjurers (D)
  5 polar bears (D)
  A jumping spider (D)
  A merfolk (D)
  A hornet (D)
  A blink frog (D)
  A slime creature (D)
  2 bog bodies (D)
  A redback (D)
  A wyvern (D)
  A water elemental (D)
  2 tarantellas (D)
  A yak (D)
  A basilisk (D)
  2 fire elementals (D)
  4 nagas (D)
  A floating eye (D)
  2 hell hounds (D)
  3 water moccasins (D)
  A porcupine (D)
  A water moccasin (shapeshifter) (D)
  19 orc warriors (D)
  3 black bears (D)
  A sky beast (D)
  A centaur (D)
  5 crocodiles (D)
  A crocodile (shapeshifter) (D)
  3 bullfrogs (D)
  A killer bee (D)
  A howler monkey (D)
  2 crimson imps (D)
  5 orc priests (D)
  A jelly (D)
  2 iguanas (D)
  7 orc wizards (D)
  A worker ant (D)
  A shadow imp (D)
  An adder skeleton (D)
  A leopard gecko (D)
  7 orcs (D)
  2 bats (D)
  2 bat skeletons (D)
  A hobgoblin (D)
  A ball python (D)
384 creatures vanquished.

Vanquished Creatures (others)
  A hydra (D)
  A swamp dragon (D)
2 creatures vanquished.

Grand Total: 386 creatures vanquished

Notes
Turn   | Place    | Note
-------+----------+-------------------------------------------
     0 | D        | Findor the Vine Stalker Fighter began the quest for the
                  | Orb.
     0 | D        | Reached XP level 1. HP: 11/11 MP: 2/2
    11 | D        | Reached skill level 3 in Short Blades
    25 | D        | Noticed an orc wizard
    25 | D        | Noticed a worker ant
    25 | D        | Noticed an orc priest
    25 | D        | Noticed a crimson imp
    33 | D        | Killed an orc priest
    33 | D        | Reached skill level 6 in Short Blades
    33 | D        | Reached XP level 2. HP: 16/16 MP: 3/3
    33 | D        | Reached XP level 3. HP: 19/19 MP: 4/4
    35 | D        | Gained mutation: Your natural rate of healing is unusually
                  | fast. [Vine Stalker growth]
    35 | D        | Reached XP level 4. HP: 23/23 MP: 3/5
    41 | D        | Reached XP level 5. HP: 27/27 MP: 6/6
    42 | D        | Reached skill level 9 in Short Blades
   153 | D        | Found a roughly hewn altar of Beogh.
   153 | D        | Found a snail-covered altar of Cheibriados.
   153 | D        | Found a shadowy altar of Dithmenos.
   153 | D        | Found a white marble altar of Elyvilon.
   153 | D        | Found a blossoming altar of Fedhas.
   153 | D        | Found an opulent altar of Gozag.
   154 | D        | Found a hazy altar of Hepliaklqana.
   155 | D        | Found a viscous altar of Jiyva.
   156 | D        | Found an ancient bone altar of Kikubaaqudgha.
   157 | D        | Found a corrupted altar of Lugonu.
   158 | D        | Found a burning altar of Makhleb.
   159 | D        | Found a sparkling altar of Nemelex Xobeh.
   160 | D        | Found an iron altar of Okawaru.
   161 | D        | Found a stormy altar of Qazlal.
   162 | D        | Found a sacrificial altar of Ru.
   163 | D        | Found a deep blue altar of Sif Muna.
   164 | D        | Found a bloodstained altar of Trog.
   165 | D        | Found a hide-covered altar of Uskayaw.
   166 | D        | Found a radiant altar of Vehumet.
   167 | D        | Found an ornate altar of the Wu Jian Council.
   168 | D        | Became a worshipper of Warmaster Okawaru
   169 | D        | Found a shimmering altar of Xom.
   170 | D        | Found a basalt altar of Yredelemnul.
   171 | D        | Found a glowing silver altar of Zin.
   172 | D        | Found a glowing golden altar of the Shining One.
   232 | D        | Reached XP level 6. HP: 28/32 MP: 5/7
   297 | D        | Noticed a cyclops
   302 | D        | Reached * piety under Okawaru
   302 | D        | Reached skill level 12 in Short Blades
   319 | D        | Killed a cyclops
   319 | D        | Reached ** piety under Okawaru
   319 | D        | Reached XP level 7. HP: 11/35 MP: 4/8
   322 | D        | Reached skill level 3 in Fighting
   330 | D        | Reached skill level 3 in Shields
   330 | D        | Gained mutation: You have razor-sharp teeth. [Vine Stalker
                  | growth]
   330 | D        | Reached XP level 8. HP: 11/40 MP: 1/9
   510 | D        | Noticed a yak
   510 | D        | Noticed a spiny frog
   515 | D        | Noticed an elephant
   516 | D        | Reached skill level 3 in Armour
   516 | D        | Reached skill level 1 in Dodging
   527 | D        | Killed a spiny frog
   527 | D        | Reached *** piety under Okawaru
   535 | D        | Reached skill level 6 in Fighting
   535 | D        | Reached skill level 3 in Dodging
   544 | D        | Killed a yak
   557 | D        | Killed an elephant
   557 | D        | Reached **** piety under Okawaru
   557 | D        | Reached XP level 9. HP: 20/50 MP: 10/10
   623 | D        | Noticed a spiny frog
   623 | D        | Noticed a komodo dragon
   623 | D        | Noticed a four-headed hydra
   629 | D        | Killed a four-headed hydra
   629 | D        | Reached skill level 9 in Fighting
   629 | D        | Reached skill level 6 in Armour
   629 | D        | Reached skill level 6 in Shields
   631 | D        | Noticed a spiny frog
   639 | D        | Killed a komodo dragon
   639 | D        | Reached ***** piety under Okawaru
   644 | D        | Reached XP level 10. HP: 45/58 MP: 11/11
   656 | D        | Killed a spiny frog
   656 | D        | Received a gift from Okawaru
   656 | D        | Reached skill level 6 in Dodging
   670 | D        | Killed a spiny frog
   812 | D        | HP: 9/61 [polar bear (13)]
   987 | D        | Noticed Erica
   999 | D        | Killed Erica
  1012 | D        | Noticed Psyche
  1020 | D        | Killed Psyche
  1020 | D        | Reached skill level 3 in Stealth
  1106 | D        | Reached XP level 11. HP: 49/66 MP: 7/12
  1148 | D        | Reached skill level 12 in Fighting
  1231 | D        | Noticed an orc knight
  1287 | D        | Killed an orc knight
  1287 | D        | Reached skill level 9 in Shields
  1376 | D        | Noticed an orc knight
  1398 | D        | Killed an orc knight
  1398 | D        | Reached skill level 6 in Stealth
  1419 | D        | Found Siaff's Food Boutique.
  1419 | D        | Noticed an orc knight
  1419 | D        | Noticed an orc knight
  1419 | D        | Noticed an orc knight
  1430 | D        | Killed an orc knight
  1434 | D        | Noticed an orc knight
  1443 | D        | Killed an orc knight
  1443 | D        | Received a gift from Okawaru
  1444 | D        | Got a jewelled fustibalus {god gift}
  1444 | D        | Noticed an orc knight
  1494 | D        | Killed an orc knight
  1494 | D        | Reached skill level 9 in Armour
  1522 | D        | Killed an orc knight
  1557 | D        | Noticed an orc knight
  1572 | D        | Killed an orc knight
  1586 | D        | Killed an orc knight
  1654 | D        | Found Karudaics's Book Shop.
  1657 | D        | Found Jipiruw's Weapon Boutique.
  1661 | D        | Found Mollommi's Jewellery Shop.
  1664 | D        | Noticed an orc knight
  1665 | D        | Noticed an orc knight
  1667 | D        | Noticed an orc knight
  1682 | D        | Killed an orc knight
  1682 | D        | Reached skill level 9 in Dodging
  1770 | D        | Killed an orc knight
  1790 | D        | Killed an orc knight
  1846 | D        | Reached skill level 9 in Stealth
  1868 | D        | Bought a manual of Fighting for 1545 gold pieces
  1908 | D        | Noticed Gastronok
  1919 | D        | Killed Gastronok
  1919 | D        | Received a gift from Okawaru
  1919 | D        | Gained mutation: You heal very quickly. [Vine Stalker
                  | growth]
  1919 | D        | Reached XP level 12. HP: 75/75 MP: 13/13
  1960 | D        | Noticed Erolcha
  1972 | D        | Killed Erolcha
  1972 | D        | Reached skill level 1 in Invocations
  1972 | D        | Reached skill level 1 in Evocations
  1997 | D        | Found the +9 staff of Wucad Mu {channel}
  2084 | D        | Noticed a tengu warrior
  2092 | D        | Reached skill level 15 in Fighting
  2100 | D        | Noticed a frost giant
  2108 | D        | Killed a tengu warrior
  2110 | D        | Noticed a stone giant
  2112 | D        | Noticed a lich
  2114 | D        | Noticed a yaktaur captain
  2128 | D        | Killed a frost giant
  2128 | D        | Reached skill level 3 in Invocations
  2138 | D        | Noticed a stone giant
  2141 | D        | Killed a stone giant
  2141 | D        | Reached skill level 3 in Evocations
  2144 | D        | HP: 9/77 [acid (11)]
  2151 | D        | HP: 8/77 [lich (4)]
  2153 | D        | Killed a lich
  2308 | D        | Killed a yaktaur captain
  2322 | D        | Killed a stone giant
  2322 | D        | Reached XP level 13. HP: 38/84 MP: 17/17
  2446 | D        | Noticed Aizul
  2465 | D        | Killed Aizul
  2475 | D        | Noticed Azrael
  2478 | D        | Reached skill level 12 in Stealth
  2480 | D        | Received a gift from Okawaru
  2494 | D        | Killed Azrael
  2516 | D        | Noticed Snorg
  2528 | D        | Killed Snorg
  2528 | D        | Reached skill level 6 in Invocations
  2554 | D        | Noticed a merfolk impaler
  2557 | D        | Reached skill level 12 in Shields
  2576 | D        | Killed a merfolk impaler
  2586 | D        | Reached skill level 6 in Evocations
  2592 | D        | Reached skill level 18 in Fighting
  2662 | D        | Noticed an entropy weaver
  2664 | D        | Noticed an entropy weaver
  2715 | D        | Killed an entropy weaver
  2824 | D        | Killed an entropy weaver
  2824 | D        | Received a gift from Okawaru
  2825 | D        | Got a twisted scale mail {god gift}
  2901 | D        | Identified the +3 scale mail of Noughts and Crosses {rF+
                  | rCorr Int+4} (Okawaru gifted it to you in the Dungeon)
  2944 | D        | Noticed a tentacled monstrosity
  2944 | D        | Noticed a thorn hunter
  2954 | D        | Killed a thorn hunter
  2969 | D        | Killed a tentacled monstrosity
  2969 | D        | Reached XP level 14. HP: 64/91 MP: 19/21
  2987 | D        | Reached skill level 12 in Armour
  3076 | D        | Reached skill level 9 in Invocations
  3094 | D        | Reached skill level 12 in Dodging
  3230 | D        | Noticed a shadow dragon
  3230 | D        | Noticed a stone giant
  3230 | D        | Noticed a fire giant
  3233 | D        | Noticed a fire giant
  3245 | D        | Killed a fire giant
  3260 | D        | Killed a stone giant
  3260 | D        | Reached skill level 15 in Stealth
  3271 | D        | Paralysed by a floating eye for 3 turns
  3273 | D        | Noticed a stone giant
  3280 | D        | Killed a shadow dragon
  3280 | D        | Reached skill level 9 in Evocations
  3289 | D        | Paralysed by a floating eye for 3 turns
  3397 | D        | Killed a fire giant
  3397 | D        | Reached ****** piety under Okawaru
  3570 | D        | Paralysed by a floating eye for 4 turns
  3583 | D        | Received a gift from Okawaru
  3638 | D        | Killed a stone giant
  3656 | D        | Noticed a lich
  3678 | D        | Killed a lich
  3720 | D        | Received a gift from Okawaru
  3732 | D        | Got a spiked cloak {god gift}
  3743 | D        | Identified the +1 cloak of Hela {rC+ rCorr Int+4 Stlth-}
                  | (Okawaru gifted it to you in the Dungeon)
  3805 | D        | Reached XP level 15. HP: 99/99 MP: 23/23
  3868 | D        | Noticed a sphinx
  3997 | D        | Killed a sphinx
  4097 | D        | Noticed Nergalle
  4111 | D        | Killed Nergalle
  4111 | D        | Reached skill level 21 in Fighting
  4142 | D        | Noticed Saint Roka
  4267 | D        | Killed Saint Roka
  4267 | D        | Reached skill level 15 in Shields
  4334 | D        | Noticed Margery
  4357 | D        | Killed Margery
  4357 | D        | Reached skill level 18 in Stealth
  4612 | D        | Got the +0 cloak of Atheism {rN+ MR+++ Int+4 Slay-6}
  4714 | D        | Noticed Mennas
  4744 | D        | Killed Mennas
  4744 | D        | Received a gift from Okawaru
  4769 | D        | Noticed a nagaraja
  4769 | D        | Noticed a nagaraja
  4769 | D        | Noticed a nagaraja
  4773 | D        | Noticed a nagaraja
  4778 | D        | Killed a nagaraja
  4779 | D        | Noticed a nagaraja
  4793 | D        | Killed a nagaraja
  4802 | D        | Killed a nagaraja
  4802 | D        | Reached skill level 15 in Armour
  4803 | D        | Noticed a nagaraja
  4810 | D        | Killed a nagaraja
  4811 | D        | Noticed a nagaraja
  4816 | D        | Received a gift from Okawaru
  4828 | D        | Killed a nagaraja
  4828 | D        | Reached XP level 16. HP: 58/108 MP: 24/24
  4839 | D        | Killed a nagaraja
  4839 | D        | Reached skill level 15 in Dodging
  4850 | D        | Killed a nagaraja
  4887 | D        | Got a serpentine rune of Zot
  4939 | D        | Noticed Ilsuiw
  4977 | D        | Killed Ilsuiw
  5139 | D        | Got a barnacled rune of Zot
  5163 | D        | Reached skill level 21 in Stealth
  5185 | D        | Reached skill level 24 in Fighting
  5238 | D        | Received a gift from Okawaru
  5268 | D        | Got a gossamer rune of Zot
  5376 | D        | Got a decaying rune of Zot
  5449 | D        | Noticed Jory
  5473 | D        | Killed Jory
  5473 | D        | Received a gift from Okawaru
  5573 | D        | Reached XP level 17. HP: 109/118 MP: 25/25
  5722 | D        | Received a gift from Okawaru
  5723 | D        | Got a pair of dazzling boots {god gift}
  5774 | D        | Noticed a golden dragon
  5797 | D        | Killed a golden dragon
  5797 | D        | Reached skill level 18 in Armour
  5820 | D        | Reached skill level 24 in Stealth
  5820 | D        | HP: 24/120 [poisoned by a wolf spider]
  5928 | D        | Reached skill level 18 in Dodging
  5948 | D        | Noticed a sphinx
  6001 | D        | Killed a sphinx
  6061 | D        | Noticed a golden dragon
  6063 | D        | Reached skill level 27 in Fighting
  6066 | D        | Noticed a titan
  6079 | D        | Killed a golden dragon
  6083 | D        | Received a gift from Okawaru
  6138 | D        | Killed a titan
  6141 | D        | Got a silver rune of Zot
  6160 | D        | Got a pair of polished boots {god gift}
  6161 | D        | Identified the +0 pair of boots "Epnaco Poam" {+Blink rC+
                  | Str-2 Stlth+} (Okawaru gifted it to you in the Dungeon)
  6162 | D        | Identified the +0 pair of boots of Hopscotch {+Inv Regen+}
                  | (Okawaru gifted it to you in the Dungeon)
  6255 | D        | Noticed Louise
  6273 | D        | Killed Louise
  6312 | D        | Got the ring of the Ban {EV+3 Stlth+}
  6314 | D        | Got the ring of Tilisaowk {rElec rPois Dex+4}
  6316 | D        | Got the ring "Qimukhoxt" {MP+9 Dex+3}
  6318 | D        | Got the amulet "Ypi Ucha" {+Rage rElec rF+ Str+3}
  6320 | D        | Got the amulet of Syndicalism {Gourm rN+ SInv}
  6356 | D        | Found the +1 cloak of Starlight {rElec rC+ EV+4 Stlth--}
  6376 | D        | Got the +0 cloak of Gijev {+Inv Dex+8}
  6474 | D        | Noticed Boris
  6477 | D        | Noticed Mara
  6500 | D        | Killed Boris
  6500 | D        | Reached XP level 18. HP: 127/127 MP: 26/26
  6502 | D        | Noticed Findor's illusion
  6518 | D        | Killed Mara
  6631 | D        | Reached skill level 27 in Stealth
  6637 | D        | Noticed a bone dragon
  6676 | D        | Killed a bone dragon
  6676 | D        | Received a gift from Okawaru
  6676 | D        | Reached skill level 18 in Shields
  6677 | D        | Got a faintly humming plate armour {god gift}
  6768 | D        | Noticed a quicksilver dragon
  6825 | D        | Reached skill level 21 in Armour
  6840 | D        | Killed a quicksilver dragon
  6847 | D        | Noticed a curse toe
  6847 | D        | Noticed a tentacled monstrosity
  6848 | D        | Noticed a tentacled monstrosity
  6896 | D        | Reached skill level 21 in Dodging
  6972 | D        | Killed a tentacled monstrosity
  7173 | D        | Killed a curse toe
  7173 | D        | Reached skill level 21 in Shields
  7301 | D        | Killed a tentacled monstrosity
  7347 | D        | Noticed a tentacled monstrosity
  7379 | D        | Killed a tentacled monstrosity
  7379 | D        | Reached XP level 19. HP: 124/132 MP: 25/27
  7386 | D        | Received a gift from Okawaru
  7475 | D        | Noticed an orb of fire
  7483 | D        | Gained mutation: You are dopey. (Int -2) [an orb of fire]
  7494 | D        | Gained mutation: You are clumsy. (Dex -2) [an orb of fire]
  7521 | D        | Killed an orb of fire
  7552 | D        | Received a gift from Okawaru
  7703 | D        | Reached skill level 24 in Shields
  7761 | D        | Received a gift from Okawaru
  7761 | D        | Reached skill level 15 in Short Blades
  7865 | D        | Noticed an ancient lich
  7867 | D        | Killed an ancient lich
  7867 | D        | Reached skill level 24 in Armour
  7870 | D        | Noticed an orb of fire
  7872 | D        | Killed an orb of fire
  7872 | D        | Reached skill level 24 in Dodging
  7872 | D        | Reached XP level 20. HP: 137/137 MP: 26/28
  7874 | D        | Noticed an electric golem
  7887 | D        | Killed an electric golem
  7891 | D        | Noticed an orb of fire
  7891 | D        | Noticed an ancient lich
  7895 | D        | Noticed an orb of fire
  7911 | D        | Killed an ancient lich
  7911 | D        | Received a gift from Okawaru
  7911 | D        | Reached skill level 18 in Short Blades
  7915 | D        | HP: 20/137 [orb of fire/fireball (9)]
  7918 | D        | HP: 4/137 [green draconian stormcaller (14)]
  7918 | D        | Killed from afar by an orb of fire

Levels and vault maps discovered:
D:        linesprint [early_d, line_temple, items_1, d_10, items_2, lair_1,
          lair_end, items_3, orc_1, orc_end, items_4, d_15, swamp_1, shoals_1,
          snake_1, spider_1, d_20, vaults_1, items_5, swamp_end, shoals_end,
          snake_end, spider_end, vaults_end, d_27, items_6, zot_1, zot_end,
          crypt_end, forest_end, elf_end, slime_end, tomb_end, abyss_end,
          pan_hell_end]

Action                   |  1- 3 |  4- 6 |  7- 9 | 10-12 | 13-15 | 16-18 | 19-21 || total
-------------------------+-------+-------+-------+-------+-------+-------+-------++-------
Melee: Rapier            |    23 |    44 |    82 |   424 |   714 |  1115 |   313 ||  2715
       Bite              |     6 |    15 |    32 |   178 |   380 |   589 |   161 ||  1361
Invok: Heroism           |       |     1 |     2 |    20 |    17 |    13 |     3 ||    56
       Finesse           |       |       |       |     3 |    14 |     9 |     3 ||    29
Evoke: Wand              |       |       |       |       |     9 |       |       ||     9
       Lightning rod     |       |       |       |       |       |       |    11 ||    11
       Fan of gales      |       |       |       |       |       |       |     1 ||     1
  Use: Potion            |     1 |       |       |     2 |     1 |     1 |     2 ||     7
       Scroll            |       |       |     5 |     5 |     2 |     7 |       ||    19
 Stab: Sleeping          |       |       |       |     2 |     3 |     6 |     5 ||    16
       Distracted        |       |       |       |       |     2 |     3 |       ||     5
  Eat: Chunk             |       |       |       |     5 |     7 |     3 |     2 ||    17
       Ration            |       |       |       |       |       |     2 |       ||     2
Armor: Scale mail        |     9 |     2 |       |       |    59 |    85 |       ||   155
       Ring mail         |       |     5 |    11 |    33 |    19 |       |       ||    68
       Gold dragon scale |       |       |       |       |       |    43 |    29 ||    72
Dodge: Dodged            |     7 |     7 |    19 |   104 |   179 |   386 |    44 ||   746
Block: Shield            |    11 |    16 |    23 |   126 |   202 |   299 |       ||   677
       Large shield      |       |       |       |       |       |   207 |   153 ||   360
